 Dungeon Crawl Stone Soup version 0.29.0-11-gd7f09526c8 (webtiles) character file.

Game seed: 4345075719600492173

32145 gelatine the Skirmisher (level 13, 0/106 HPs)
             Began as a Demonspawn Hunter on Sept 3, 2022.
             Slain by a six-headed hydra simulacrum (31 damage)
             ... on level 4 of the Lair of Beasts.
             The game lasted 00:57:04 (16121 turns).

gelatine the Skirmisher (Demonspawn Hunter)        Turns: 16121, Time: 00:57:05

Health: 0/106      AC: 29    Str: 11    XL:     13   Next: 29%
Magic:  0/13       EV: 20    Int:  9    God:
Gold:   1296       SH:  4    Dex: 33    Spells: 12/12 levels left

rFire   . . .      SeeInvis .   O - +0 arbalest
rCold   . . .      Faith    .   (shield currently unavailable)
rNeg    + . .      Spirit   +   q - +6 scale mail of the Charred God {-Cast rElec rPois Dex+7}
rPois   +          Reflect  .   J - +1 helmet
rElec   +          Harm     .   E - +0 cloak
rCorr   .          Rampage  .   W - +2 pair of gloves
Will    +....      NoCast   +   e - +1 pair of boots {Stlth+}
Stlth   +++.......              j - amulet of guardian spirit
HPRegen 0.27/turn               B - +4 ring of evasion
MPRegen 0.13/turn               u - ring "Plog" {rN+ Will+ Int-3 Dex+5}

@: no status effects
A: icemail 1, powered by death 1, sharp scales 2, condensation shield, demonic
touch 2
a: no special abilities


You were on level 4 of the Lair of Beasts.
You visited 4 branches of the dungeon, and saw 17 of its levels.

You collected 1627 gold pieces.
You spent 331 gold pieces at shops.

Inventory:

Hand Weapons
 a - a +0 shortbow
 O - a +0 arbalest (weapon)
Missiles
 P - a silver boomerang
Armour
 e - a +1 pair of boots of stealth (worn)
 q - the +6 scale mail of the Charred God (worn) {-Cast rElec rPois Dex+7}
   (You found it on level 2 of the Dungeon)

   Dex:       It affects your dexterity (+7).
   rElec:     It insulates you from electricity.
   rPois:     It protects you from poison.
   -Cast:     It prevents spellcasting.
 D - +0 acid dragon scales
 E - a +0 cloak (worn)
 J - a +1 helmet (worn)
 S - a +1 leather armour of poison resistance
 W - a +2 pair of gloves (worn)
Jewellery
 f - a +4 ring of protection
 j - an amulet of guardian spirit (around neck)
 k - an amulet of faith
 m - a +4 ring of protection
 n - a ring of see invisible
 p - a ring of ice
 u - the ring "Plog" (right hand) {rN+ Will+ Int-3 Dex+5}
   (You found it on level 3 of the Dungeon)

   [ring of positive energy]

   Int:       It affects your intelligence (-3).
   Dex:       It affects your dexterity (+5).
   rN:        It protects you from negative energy.
   Will:      It increases your willpower.
 B - a +4 ring of evasion (left hand)
 N - a +6 ring of intelligence
 V - an amulet of the acrobat
Wands
 t - a wand of flame (67)
 y - a wand of roots (6)
 Q - a wand of paralysis (3)
Scrolls
 b - 2 scrolls of immolation
 c - a scroll of vulnerability
 g - a scroll of amnesia
 o - 2 scrolls of silence
 v - 2 scrolls of poison
 A - 7 scrolls of teleportation
 F - a scroll of magic mapping
 G - 2 scrolls of blinking
 M - a scroll of torment {unknown}
 R - a scroll of fog {unknown}
 T - 2 scrolls of fear
Potions
 d - 6 potions of attraction
 h - a potion of invisibility {unknown}
 i - 5 potions of curing
 l - a potion of cancellation {unknown}
 r - 2 potions of resistance
 w - 3 potions of flight
 x - 2 potions of magic {unknown}
 z - 2 potions of berserk rage
 H - a potion of ambrosia {unknown}
 I - a potion of haste {unknown}
 K - a potion of might {unknown}
 L - 2 potions of lignification {unknown}
 U - a potion of mutation {unknown}
Miscellaneous
 s - a phantom mirror (inert)
 C - a box of beasts (inert)


   Skills:
 * Level 11.3 Fighting
 * Level 14.8 Ranged Weapons
 * Level 7.8 Armour
 * Level 8.2 Dodging
 + Level 1.5 Stealth
 + Level 2.9 Shields


You had 12 spell levels left.
You didn't know any spells.
Your spell library contained the following spells:

 Spells                   Type           Power      Damage    Failure   Level
 Foxfire                  Conj/Fire      0%         2x1d4     88%         1
 Confusing Touch          Hex            0%         N/A       99%         3
 Conjure Flame            Conj/Fire      0%         6-21      99%         3
 Gell's Gravitas          Tloc           0%         N/A       99%         3
 Inner Flame              Hex/Fire       0%         N/A       99%         3
 Teleport Other           Tloc           0%         N/A       99%         3
 Flame Wave               Conj/Fire      0%         2d4       100%        4
 Yara's Violent Unravell  Hex/Tmut       0%         3d3       100%        5
 Dispersal                Tloc           0%         N/A       100%        6
 Enfeeble                 Hex            0%         N/A       100%        7


Dungeon Overview and Level Annotations

Branches:
Dungeon (10/15)            Temple (1/1) D:6            Lair (4/5) D:10
 Shoals (0/4) Lair:3       Spider (0/4) Lair:3        Slime (0/5) Lair:4
    Orc (2/2) D:9             Elf (0/3) Orc:2

Altars:
Ashenzari
Cheibriados
Dithmenos
Fedhas
Gozag
Hepliaklqana
Kikubaaqudgha
Makhleb
Nemelex Xobeh
Okawaru
Qazlal
Ru
Sif Muna
Trog
Uskayaw
Vehumet
Wu Jian
Xom
Yredelemnul

Shops:
D:1 [   D:6 *   D:7 [:(   D:9 *[=   D:10 *

Annotations:
Lair:1 3 runed translucent doors, SensoryNuts's ghost, journeyman DsFi
Lair:4 1 transporter


Innate Abilities, Weirdness & Mutations

A meltable icy envelope protects you from harm. (AC +4)
You regenerate a little health from kills.
You are mostly covered in razor-sharp scales. (AC +2, Slay +2)
A meltable shield of frost defends you. (SH +4)
Your touch may inflict irresistible damage on your foes.


Message History

The six-headed hydra simulacrum barely misses you.
The dire elephant simulacrum tramples you but does no damage.
You block the dire elephant simulacrum's attack.
The six-headed hydra simulacrum bites you but does no damage.
The six-headed hydra simulacrum barely misses you.
The six-headed hydra simulacrum bites you but does no damage.
The six-headed hydra simulacrum completely misses you.
The six-headed hydra simulacrum misses you.
The six-headed hydra simulacrum bites you but does no damage.
You feel better.
You block the dire elephant simulacrum's attack.
The dire elephant simulacrum closely misses you.
Fire: O) +0 arbalest
Press: ? - help, Q - select action, (/) - cycle Shift-Dir - straight line, f - dire elephant simulacrum
Aim: a dire elephant simulacrum (moderately damaged, 98% to hit)
You shoot a bolt.
The bolt hits the dire elephant simulacrum!!!
The dire elephant simulacrum is almost destroyed.
The six-headed hydra simulacrum misses you. x2
The six-headed hydra simulacrum completely misses you.
The six-headed hydra simulacrum barely misses you.
The six-headed hydra simulacrum completely misses you.
The six-headed hydra simulacrum bites you but does no damage.
The dire elephant simulacrum barely misses you.
You block the dire elephant simulacrum's attack.
The six-headed hydra simulacrum misses you.
The six-headed hydra simulacrum bites you but does no damage.
The six-headed hydra simulacrum completely misses you.
The six-headed hydra simulacrum closely misses you.
The six-headed hydra simulacrum bites you but does no damage. x2
Fire: O) +0 arbalest
Press: ? - help, Q - select action, (/) - cycle Shift-Dir - straight line, f/p - dire elephant simulacrum
Aim: a dire elephant simulacrum (almost destroyed, 98% to hit)
You shoot a bolt.
The bolt hits the dire elephant simulacrum!!
The dire elephant simulacrum vaporises!
The six-headed hydra simulacrum bites you.
* * * LOW HITPOINT WARNING * * *
The six-headed hydra simulacrum freezes you!!
You die...

............................)....
.....<...........................
.........................#...#.##
......#######............########
......#○.°° ########.....#####.P#
......#○°☼°°#°☼☼.○○#.....#......#
......#°.°°°#°○☼.°°#....##P......
......#![☼°○○.#Z#○.#............#
.....©#©:○°°☼...@☼○#©...#P..<....
......#$=☼☼☼○.#☼#☼°#....####.#.##
......#.○☼°☼#○°☼Z○°#....#########
......#°°°○°#☼°☼.☼○#....P#P####P#
......#..°○ ########.............
......#######....................
.................................
.................................
............###..#.#.............


You could see a six-headed hydra simulacrum and a friendly six-headed hydra
simulacrum (summoned, drained).

Vanquished Creatures
  2 hydras
  A two-headed ogre (Orc:1)
  An orc high priest (Orc:1)
  Pikel (D:5)
  An oklob plant (Lair:2)
  3 orc sorcerers
  2 orc knights (Orc:1)
  A manticore (Lair:3)
  2 cyclopes
  Maurice (D:8)
  5 elephants
  A torpor snail (Lair:3)
  10 cane toads
  A rime drake (Lair:1)
  A gargoyle (D:7)
  5 komodo dragons
  4 trolls
  A polar bear (Lair:4)
  A wind drake (Lair:3)
  A hornet (D:7)
  4 blink frogs
  4 dream sheep (Lair:2)
  A dire elephant simulacrum (Lair:4)
  2 wraiths
  8 basilisks
  A shadow (D:10)
  24 yaks
  2 vampire mosquitoes (D:10)
  A steam dragon (D:6)
  4 wargs (Orc:1)
  2 acid dragons
  11 water moccasins
  A hydra simulacrum (Lair:4)
  A sky beast (D:7)
  18 orc warriors
  2 black bears
  2 ice beasts
  7 ogres
  15 wolves
  3 centaurs
  A phantom (D:6)
  2 kobold brigands
  The ghost of SprigganGuy the Magician, an amateur DECj of Vehumet (D:3)
  8 bullfrogs
  7 scorpions
  2 necrophages
  2 gnoll sergeants
  7 killer bees (D:9)
  11 electric eels
  6 jellies
  4 howler monkeys
  A water moccasin simulacrum (Lair:4)
  11 hounds
  2 gnoll boudas
  14 orc priests
  Jessica (D:2)
  4 iguanas
  Natasha (thrice) (D:4)
  14 orc wizards
  A yak simulacrum (Lair:4)
  27 gnolls
  5 adders
  A shadow imp (D:6)
  A white imp (D:4)
  2 ufetubi (D:6)
  4 worms
  6 dart slugs
  58 orcs
  7 endoplasms
  3 giant cockroaches
  2 goblins
  7 hobgoblins
  10 jackals
  4 quokkas
  3 ball pythons
  3 bats (D:2)
  2 frilled lizards
  18 kobolds
  5 rats
428 creatures vanquished.

Vanquished Creatures (collateral kills)
  A blink frog simulacrum (Lair:4)
1 creature vanquished.

Vanquished Creatures (others)
  2 orc wizards
  7 fungi
  19 plants
28 creatures vanquished.

Grand Total: 457 creatures vanquished

Notes
Turn   | Place    | Note
-------+----------+-------------------------------------------
     0 | D:1      | gelatine the Demonspawn Hunter began the quest for the Orb.
     0 | D:1      | Reached XP level 1. HP: 16/16 MP: 1/1
   237 | D:1      | Found Soicofogh's Armour Boutique.
   253 | D:1      | Gained mutation: A meltable shield of frost defends you.
                  | (SH +4) [demonic ancestry]
   253 | D:1      | Reached XP level 2. HP: 22/22 MP: 2/2
   533 | D:2      | Reached skill level 4 in Ranged Weapons
   863 | D:2      | Reached XP level 3. HP: 16/27 MP: 0/3
   888 | D:2      | Gained mutation: You are partially covered in razor-sharp
                  | scales. (AC +1, Slay +1) [demonic ancestry]
   888 | D:2      | Reached XP level 4. HP: 20/34 MP: 2/4
  1008 | D:2      | Identified the +6 scale mail of the Charred God {-Cast
                  | rElec rPois Dex+7}
  1104 | D:2      | Noticed Jessica
  1106 | D:2      | Killed Jessica
  1304 | D:3      | Found a runed translucent gate.
  1304 | D:3      | Found a runed translucent gate.
  1304 | D:3      | Found a runed translucent gate.
  1306 | D:3      | Noticed a kobold brigand
  1306 | D:3      | Noticed SprigganGuy's ghost (amateur DECj)
  1450 | D:3      | Reached skill level 1 in Armour
  1717 | D:3      | Identified the ring "Plog" {rN+ Will+ Int-3 Dex+5}
  1872 | D:3      | Reached skill level 5 in Ranged Weapons
  1872 | D:3      | Gained mutation: Your touch may inflict minor irresistible
                  | damage on your foes. [demonic ancestry]
  1872 | D:3      | Reached XP level 5. HP: 40/40 MP: 5/5
  2224 | D:4      | Noticed Natasha
  2235 | D:4      | Killed Natasha
  2727 | D:4      | Noticed a black bear
  2733 | D:4      | Killed a black bear
  2734 | D:4      | Reached skill level 1 in Shields
  2734 | D:4      | Reached XP level 6. HP: 47/47 MP: 6/6
  2844 | D:4      | Noticed Natasha
  2848 | D:4      | Killed Natasha
  2861 | D:4      | Noticed Natasha
  2869 | D:4      | Killed Natasha
  3239 | D:4      | Noticed an orc warrior
  3515 | D:4      | Reached skill level 6 in Ranged Weapons
  3955 | D:5      | Entered Level 5 of the Dungeon
  3963 | D:5      | Reached XP level 7. HP: 54/54 MP: 7/7
  4349 | D:5      | Noticed Pikel
  4369 | D:5      | Killed Pikel
  4370 | D:5      | Reached skill level 5 in Fighting
  4370 | D:5      | Reached skill level 7 in Ranged Weapons
  4370 | D:5      | Gained mutation: You are mostly covered in razor-sharp
                  | scales. (AC +2, Slay +2) [demonic ancestry]
  4370 | D:5      | Reached XP level 8. HP: 33/62 MP: 2/8
  5010 | D:6      | Reached skill level 8 in Ranged Weapons
  5133 | D:6      | Gained mutation: You regenerate a little health from kills.
                  | [demonic ancestry]
  5133 | D:6      | Reached XP level 9. HP: 69/69 MP: 9/9
  5181 | D:6      | Found a shimmering altar of Xom.
  5204 | D:6      | Found a snail-covered altar of Cheibriados.
  5221 | D:6      | Found a staircase to the Ecumenical Temple.
  5232 | Temple   | Entered the Ecumenical Temple
  5446 | D:6      | Found an iron altar of Okawaru.
  5587 | D:6      | Found Xasker's Elemental Accessories.
  6077 | D:7      | Reached skill level 9 in Ranged Weapons
  6077 | D:7      | Reached skill level 1 in Stealth
  6176 | D:7      | Noticed a gargoyle
  6190 | D:7      | Killed a gargoyle
  6343 | D:7      | Found Retux's Weapon Shop.
  6354 | D:7      | Found Qutopp's Book Boutique.
  6444 | D:7      | Found Koduets's Armour Boutique.
  6452 | D:7      | Bought a +0 pair of boots for 63 gold pieces
  6822 | D:8      | Reached skill level 5 in Dodging
  6997 | D:8      | Found a shimmering blue altar of Sif Muna.
  7017 | D:8      | Reached skill level 5 in Armour
  7061 | D:8      | Gained mutation: A meltable icy envelope protects you from
                  | harm. (AC +4) [demonic ancestry]
  7061 | D:8      | Reached XP level 10. HP: 79/79 MP: 10/10
  7134 | D:8      | Noticed Maurice
  7145 | D:8      | Paralysed by something for 4 turns
  7157 | D:8      | Killed Maurice
  7560 | D:9      | Found a staircase to the Orcish Mines.
  7727 | D:9      | Found Paef's Antique Armour Boutique.
  7751 | D:9      | Bought a pair of glowing boots for 210 gold pieces
  7785 | D:9      | Found a stormy altar of Qazlal.
  7801 | D:9      | Reached skill level 10 in Ranged Weapons
  7817 | D:9      | Found Cuyqat's Jewellery Shoppe.
  7837 | D:9      | Noticed a cyclops
  7845 | D:9      | Killed a cyclops
  8195 | D:9      | Found an ornate altar of the Wu Jian Council.
  8278 | D:9      | Found Jiogg's General Store.
  8420 | D:10     | Entered Level 10 of the Dungeon
  8844 | D:10     | Reached skill level 11 in Ranged Weapons
  8868 | D:10     | Reached XP level 11. HP: 80/86 MP: 11/11
  8902 | D:10     | Found Nustis's General Store.
  8957 | D:10     | Bought a +0 helmet for 58 gold pieces
  9056 | D:10     | Found a staircase to the Lair.
  9432 | Lair:1   | Entered Level 1 of the Lair of Beasts
  9737 | Lair:1   | Found a runed translucent gate.
  9738 | Lair:1   | Found a runed translucent gate.
  9739 | Lair:1   | Found a runed translucent gate.
  9951 | Lair:1   | Noticed SensoryNuts's ghost (journeyman DsFi)
  9953 | Lair:1   | Noticed a six-headed hydra
  9974 | Lair:1   | Noticed a minotaur
 10585 | D:3      | Killed SprigganGuy's ghost
 10774 | Orc:1    | Entered Level 1 of the Orcish Mines
 10800 | Orc:1    | Noticed a two-headed ogre
 10808 | Orc:1    | Killed a two-headed ogre
 10809 | Orc:1    | Reached skill level 12 in Ranged Weapons
 10944 | Orc:2    | Entered Level 2 of the Orcish Mines
 10944 | Orc:2    | Noticed an orc knight
 10944 | Orc:2    | Noticed an orc sorcerer
 10968 | Orc:1    | Killed an orc sorcerer
 10983 | Orc:1    | Killed an orc knight
 11225 | Orc:2    | Found a staircase to the Elven Halls.
 11235 | Orc:2    | Noticed an orc knight
 11277 | Orc:1    | Killed an orc knight
 12289 | Orc:2    | Noticed an orc sorcerer
 12292 | Orc:2    | Noticed a sixfirhy
 12660 | Orc:2    | Killed an orc sorcerer
 12661 | Orc:2    | Gained mutation: Your touch may inflict irresistible damage
                  | on your foes. [demonic ancestry]
 12661 | Orc:2    | Reached XP level 12. HP: 67/96 MP: 7/12
 12802 | Orc:2    | Noticed an orc high priest
 12821 | Orc:1    | Killed an orc high priest
 12934 | Orc:2    | Noticed an orc high priest
 12936 | Orc:2    | Noticed an orc high priest
 12942 | Orc:1    | Reached skill level 13 in Ranged Weapons
 12977 | Orc:2    | Noticed an orc high priest
 13632 | Lair:2   | Reached skill level 10 in Fighting
 13768 | Lair:2   | You fall into a shaft and drop 2 floors!
 13768 | Lair:4   | Found a staircase to the Slime Pits.
 13799 | Lair:4   | Noticed an eight-headed hydra
 13803 | Lair:4   | Killed an eight-headed hydra
 13897 | Lair:4   | Found a transporter.
 14139 | Lair:2   | Reached skill level 14 in Ranged Weapons
 14501 | Lair:3   | Reached XP level 13. HP: 33/105 MP: 4/13
 14774 | Lair:3   | Found a staircase to the Shoals.
 15266 | Lair:3   | Found a hole to the Spider Nest.
 15475 | Lair:4   | Found a transporter.
 16121 | Lair:4   | Slain by a six-headed hydra simulacrum

Illustrated notes

Levels and vault maps discovered:
D:1:      psy_arrival_heroes, layout_basic, serial_shops, shop
D:2:      layout_basic, uniq_jessica
D:3:      layout_basic, gammafunk_ghost_nasty_kobolds
D:4:      layout_layer_cave, uniq_natasha
D:5:      layout_basic, lemuel_doored_altar, minmay_misc_feat_square,
          kennysheep_boxes, uniq_pikel
D:6:      layout_basic, okawaru_gym_becter, nicolae_overflow_hidden_temple,
          kennysheep_mini, minmay_temple_entry_arrows,
          small_statue_intersection, nicolae_elemental_shop
D:7:      layout_loops_ring, serial_shops, shop, nicolae_shop_crystal,
          shop_statue
D:8:      layout_basic, general_overflow_altar,
          hangedman_abyss_or_decor_lesser_grid, uniq_maurice
D:9:      layout_irregular_city, pdpol_wu_jian_five_deadly_venoms,
          grunt_qazlal_sundering, orc_0_dummy, serial_shops,
          nicolae_shop_statue_plus, nicolae_take_the_stairs, shop_coins
D:10:     layout_loops_ring, erik_lair_island, serial_shops, shop,
          dreamdust_princess_corridor
Temple:   bh_familiar_temple
Lair:1:   layout_gridlike, maelrawn_ghost_gauntlet_escape
Lair:2:   layout_roguey, minivault_26
Lair:3:   layout_small_grid, minmay_shoals_entry_beasts,
          nicolae_spider_entry_non_spiders, serial_bayou, serial_bayou_lagoon_a,
          serial_bayou_ford_a, serial_bayou_pond_c, serial_bayou_pond_b,
          lemuel_fruit_tree, serial_bayou_shore_a
Lair:4:   gammafunk_cloud_chamber, layout_regular_city,
          nicolae_slime_entry_slimehenge, grunt_megastairs_3
Orc:1:    layout_diamond_mine, nicolae_shop_self_help
Orc:2:    st_orc_mages, layout_caves

Skill      XL: |  1  2  3  4  5  6  7  8  9 10 11 12 13 |
---------------+----------------------------------------+-----
Ranged Weapons | 4 5 6 7 8 9 11 12 14 | 14.8
Armour         | 1 2 3 5 7 |  7.8
Dodging        | 2 3 4 5 6 7 8 |  8.2
Fighting       | 3 4 5 7 8 9 10 11 | 11.3
Shields        | 1 2 |  2.9
Stealth        | 1 |  1.5

Action                   |  1- 3 |  4- 6 |  7- 9 | 10-12 | 13-15 || total
-------------------------+-------+-------+-------+-------+-------++-------
 Fire: Shortbow          |    69 |   199 |   297 |   716 |       ||  1281
       Arbalest          |       |       |       |   193 |   119 ||   312
Evoke: Box of beasts     |       |       |       |     1 |     1 ||     2
       Wand              |       |       |       |       |     1 ||     1
       Phantom mirror    |       |       |       |       |     1 ||     1
  Use: Scroll            |       |     8 |       |    14 |     2 ||    24
       Potion            |       |       |     2 |     5 |     1 ||     8
Armor: Leather armour    |    12 |     1 |     5 |       |       ||    18
       Scale mail        |       |    80 |    53 |   425 |    49 ||   607
Dodge: Dodged            |    29 |    60 |    66 |   769 |   116 ||  1040
Block: Other             |     5 |    24 |    24 |   166 |    23 ||   242
